 Dungeon Crawl Stone Soup version 0.27-a0-1242-ge70438ac7b (webtiles) character file.

Game seed: 1843580345039539258

52 Ethylacetat the Chiller (level 3, -2/28 HPs)
             Began as a Naga Ice Elementalist on June 9, 2021.
             Slain by Sigmund
             ... wielding a +2 scythe of protection
              (7 damage)
             ... on level 3 of the Dungeon.
             The game lasted 00:04:07 (1752 turns).

Ethylacetat the Chiller (Naga Ice Elementalist)     Turns: 1752, Time: 00:04:08

Health: -2/28      AC:  4    Str: 10    XL:     3   Next: 85%
Magic:  6/6        EV: 10    Int: 16    God:
Gold:   49         SH:  0    Dex: 11    Spells: 2/6 levels left

rFire    . . .     SeeInvis +   c - +0 short sword
rCold    . . .     Faith    .   (no shield)
rNeg     . . .     Spirit   .   a - +0 robe
rPois    +         Reflect  .   (no helmet)
rElec    .         Harm     .   e - +0 cloak
rCorr    .         Rampage  .   g - +0 pair of gloves
Will     .....                  (no barding)
Stlth    ++........             (no amulet)
HPRegen  0.09/turn              (no ring)
MPRegen  0.10/turn              (no ring)

@: very slow
A: AC +1, large, see invisible, deformed body, poison resistance, slowness 2,
spit poison 1, naga tail 1
a: Spit Poison


You were on level 3 of the Dungeon.
You visited 1 branch of the dungeon, and saw 3 of its levels.

You collected 49 gold pieces.

Inventory:

Hand Weapons
 c - a +0 short sword (weapon)
Missiles
 k - 4 atropa-tipped darts (quivered)
Armour
 a - a +0 robe (worn)
 e - a +0 cloak (worn)
 g - a +0 pair of gloves (worn)
Scrolls
 b - a scroll of enchant armour {unknown}
 d - a scroll of magic mapping {unknown}
 f - a scroll of teleportation {unknown}
 h - a scroll of noise {unknown}
 j - a scroll of identify {unknown}
Potions
 i - 2 potions of degeneration {unknown}


   Skills:
 + Level 0.2 Short Blades
 + Level 1.7 Dodging
 + Level 3.3 Stealth
 + Level 2.2 Spellcasting
 + Level 5.0 Ice Magic


You had 2 spell levels left.
You knew the following spells:

 Your Spells              Type           Power      Damage    Failure   Level
a - Freeze                Ice            68%        1d8       2%          1
b - Frozen Ramparts       Ice            34%        1d5       8%          3

Your spell library contained the following spells:

 Spells                   Type           Power      Damage    Failure   Level
 Ozocubu's Armour         Ice            17%        N/A       8%          3
 Hailstorm                Conj/Ice       9%         3d4       58%         4
 Metabolic Englaciation   Hex/Ice        4%         N/A       90%         5


Dungeon Overview and Level Annotations

Branches:
Dungeon (2/15)

Altars:
The Shining One

Annotations:
D:3 Sigmund


Innate Abilities, Weirdness & Mutations

Your serpentine skin is tough. (AC +1)
You have supernaturally acute eyesight. (SInv)
Armour fits poorly on your strangely shaped body.
Your system is resistant to poisons. (rPois)
You cover ground very slowly.
You can spit poison.
You have a snake-like lower body.


Message History

You feel sick.
You feel sick.
You have got your breath back.
You feel sick.
You feel sick.
You feel sick.
You are no longer poisoned.
k - 6 atropa-tipped darts You can't memorise that many levels of magic yet!
Sigmund the Dreaded comes into view.
He is wielding a +2 scythe of protection.
Sigmund shouts!
Sigmund hits you from afar with a +2 scythe of protection!
Found a glowing golden altar of the Shining One.
Unknown command.
Press: ? - help, Shift-Dir - straight line, f - Sigmund
Aim: Sigmund, wielding a +2 scythe of protection and wearing a +0 robe The splash of poison hits Sigmund.
Sigmund is poisoned.
Sigmund is lightly wounded.
Sigmund closely misses you.
Throw: 6 darts (atropa)
Press: ? - help, Q - select action, (/) - cycle Shift-Dir - straight line, f/p - Sigmund
Aim: Sigmund, wielding a +2 scythe of protection and wearing a +0 robe (lightly wounded, poisoned, 50% to hit, chance to blind on hit: 83%)
You throw an atropa-tipped dart.
The atropa-tipped dart barely misses Sigmund.
Sigmund hits you from afar with a +2 scythe of protection!
* * * LOW HITPOINT WARNING * * *
A hobgoblin comes into view.
Throw: 5 darts (atropa)
Press: ? - help, Q - select action, (/) - cycle Shift-Dir - straight line, f/p - Sigmund
Aim: Sigmund, wielding a +2 scythe of protection and wearing a +0 robe (lightly wounded, poisoned, 50% to hit, chance to blind on hit: 83%)
You throw an atropa-tipped dart. The atropa-tipped dart hits Sigmund.
Sigmund appears confused.
Sigmund is lightly wounded.
The hobgoblin shouts!
You have got your breath back.
An endoplasm comes into view.
Sigmund seems less confused.
Sigmund whispers, "You'll know eternity soon."
Sigmund hits you from afar with a +2 scythe of protection!
You die...

### #.. #.# ## #.#
.# ##########.##
(#
#...........##@#.#
#.######....@..g#
#.# #.#####.#J#
#.# #.# .# # #.#
#.# .# ## #.# #.#
_# .## #.# #.# .#
#.###.# ... ..
......# ## #.#####


You could see Sigmund (blind, poisoned), an endoplasm and a hobgoblin.

Vanquished Creatures
  2 adders (D:3)
  3 ball pythons
  2 endoplasms
  3 giant cockroaches
  6 goblins
  3 hobgoblins
  4 kobolds
  A quokka (D:3)
  A bat (D:1)
  4 frilled lizards
29 creatures vanquished.

Notes
Turn   | Place    | Note
-------+----------+-------------------------------------------
     0 | D:1      | Ethylacetat the Naga Ice Elementalist began the quest for
                  | the Orb.
     0 | D:1      | Reached XP level 1. HP: 15/15 MP: 3/3
   164 | D:1      | Reached XP level 2. HP: 22/22 MP: 5/5
  1113 | D:2      | Reached XP level 3. HP: 28/28 MP: 6/6
  1117 | D:2      | Learned a level 3 spell: Frozen Ramparts
  1368 | D:2      | You fall into a shaft and drop 1 floor!
  1559 | D:3      | Reached skill level 5 in Ice Magic
  1748 | D:3      | Found a glowing golden altar of the Shining One.
  1748 | D:3      | Noticed Sigmund
  1752 | D:3      | Slain by Sigmund

Illustrated notes

Levels and vault maps discovered:
D:1:      ncdulo_wetmaze, layout_basic, minmay_misc_feat_room
D:2:      layout_loops_corners, uniq_robin
D:3:      layout_loops_ring, overflow_temple_1_default, grunt_decor_one_mirror,
          uniq_sigmund

Skill      XL: |  1  2  3 |
---------------+----------+-----
Ice Magic      | 5 |  5.0
Short Blades   | |  0.2
Dodging        | |  1.7
Stealth        | |  3.3
Spellcasting   | |  2.2

Action                   || total
-------------------------++-------
Melee: Short sword       ||    14
Throw: Dart              ||     2
 Cast: Freeze            ||    14
 Abil: Spit Poison       ||    26
Armor: Robe              ||     1
Dodge: Dodged            ||     9

Table legend: (Time is in decaauts)
 A = Elapsed time spent in this place.
 B = Non-inter-level travel time spent in this place.
 C = Inter-level travel time spent in this place.
 D = Time resting spent in this place.
 E = Time spent auto-exploring this place.
 F = Levels seen in this place.
 G = Mean time per level.
                   A        B        C        D        E       F      G
               +--------+--------+--------+--------+--------+-----+--------+
         Total |   2275 |   2177 |     98 |      0 |   1974 |   3 |  758.3 |
       Dungeon |   2275 |   2177 |     98 |      0 |   1974 |   3 |  758.3 |
               +--------+--------+--------+--------+--------+-----+--------+

Top non-repeatable levels by time:
     D:1: 1275 daAuts
     D:2: 527 daAuts
     D:3: 471 daAuts
